 Dungeon Crawl Stone Soup version 0.22-a0-284-g99d1f74 (webtiles) character file.

299 4thArraOfDagon the Cutter (level 6, -1/42 HPs)
             Began as a Mummy Enchanter on Mar 22, 2018.
             Was a Follower of Ru.
             Slain by an ice beast (5 damage)
             ... on level 5 of the Dungeon.
             The game lasted 00:13:02 (4120 turns).

4thArraOfDagon the Cutter (Mummy Enchanter)         Turns: 4120, Time: 00:13:03

Health: -1/42      AC:  2    Str: 11    XL:     6   Next: 13%
Magic:  3/10       EV: 12    Int: 16    God:    Ru [*.....]
Gold:   111        SH:  0    Dex: 13    Spells: 1/10 levels left

rFire    x . .     SeeInvis .   a - +1 dagger
rCold    + . .     Gourm    .   (no shield)
rNeg     + + +     Faith    .   b - +0 robe
rPois    ∞         Spirit   .   (no helmet)
rElec    .         Reflect  .   (no cloak)
rCorr    .         Harm     .   (no gloves)
MR       .....                  (no boots)
Stlth    ++........             (no amulet)
HPRegen  0.14/turn              (no ring)
MPRegen  0.12/turn              (no ring)

@: about to teleport, very slightly contaminated
A: no food or potions, fire vulnerability, cold resistance 1, negative energy
resistance 3, torment resistance, unbreathing, no conjurations magic, no earth
magic, no transmutations magic
a: Renounce Religion


You were on level 5 of the Dungeon.
You worshipped Ru.
Ru was aware of your devotion.
You were not hungry.

You visited 2 branches of the dungeon, and saw 7 of its levels.

You collected 243 gold pieces.
You spent 132 gold pieces at shops.

Inventory:

Hand Weapons
 a - a +1 dagger (weapon)
Missiles
 g - 7 curare-tipped needles
Armour
 b - a +0 robe (worn)
Jewellery
 d - an uncursed ring of protection from magic {unknown}
Wands
 k - a wand of acid (6)
Scrolls
 c - a scroll of teleportation
 e - a scroll of immolation
 f - 4 scrolls of remove curse
 h - 2 scrolls of identify
 j - 2 scrolls of amnesia


   Skills:
 + Level 0.5 Fighting
 - Level 5.0 Short Blades
 + Level 0.4 Armour
 + Level 1.7 Dodging
 - Level 2.4 Stealth
 - Level 2.6 Spellcasting
 - Level 2.6 Hexes


You had one spell level left.
You knew the following spells:

 Your Spells              Type           Power        Failure   Level  Hunger
a - Corona                Hex            ##.....      6%          1    N/A
b - Ensorcelled Hibernat  Hex/Ice        #.....       17%         2    N/A
c - Confuse               Hex            ##......     19%         3    N/A
d - Tukima's Dance        Hex            ##......     19%         3    N/A

Dungeon Overview and Level Annotations

Branches:
Dungeon (6/15)             Temple (1/1) D:4

Altars:
Ashenzari
Dithmenos
Elyvilon
Fedhas
Hepliaklqana
Kikubaaqudgha
Makhleb
Nemelex Xobeh
Qazlal
Ru
Sif Muna
Trog
Uskayaw
Vehumet
Wu Jian
Xom
Yredelemnul
Zin
The Shining One

Shops:
D:4 *:?   D:5 *

Annotations:
D:5 Eustachio


Innate Abilities, Weirdness & Mutations

You do not eat or drink.
Your flesh is vulnerable to fire.
You are immune to poison.
Your flesh is cold resistant. (rC+)
You are immune to negative energy. (rN+++)
You are immune to unholy pain and torment.
You can survive without breathing.
You cannot study or cast Conjurations magic.
You cannot study or cast Earth magic.
You cannot study or cast Transmutations magic.


Message History

The bat barely misses you. The bat hits you but does no damage.
The bat hits you but does no damage. The bat barely misses you.
The bat hits you.
* * * LOW HITPOINT WARNING * * *
The bat misses you.
As you read the scroll of teleportation, it crumbles to dust.
You feel strangely unstable. The bat barely misses you.
Eustachio casts a spell.
Eustachio blinks!
The bat closely misses you. The bat closely misses you.
Your surroundings suddenly seem different.
Unknown command.
Unknown command.
As you read the scroll of teleportation, it crumbles to dust.
You feel strangely unstable. The ice beast hits you.
* * * LOW HITPOINT WARNING * * *
The ice beast freezes you. You resist.
You die...

.....<.# ##.## #.# #.#
######.# ##...###.# #.#####
#.######.#.#.##.######......
#............##!............
########.#%#.##############.
##....# #. .........#.# #.
##########.##### #§
#...@Y....# #r #.........#
#5 #.........# ##.
#.<.......# #)[ #.........#
#.. #.........# #..
#.........# ##. #...∩.....#
#. #.........# ###.


You could see an ice beast.

Vanquished Creatures
  A wight (D:6)
  A centaur skeleton (D:4)
  2 orc wizards (D:4)
  A worker ant (D:4)
  4 gnolls
  5 adders
  An ooze (D:5)
  A worm (D:3)
  A dart slug (D:1)
  A leopard gecko (D:1)
  4 orcs
  2 ball pythons
  6 bats
  4 giant cockroaches
  15 goblins
  8 hobgoblins
  2 quokkas
  5 frilled lizards
  A kobold (D:2)
  A leopard gecko zombie (D:5)
  A quokka skeleton (D:4)
  9 rats
76 creatures vanquished.

Notes
Turn   | Place    | Note
-------+----------+-------------------------------------------
     0 | D:1      | 4thArraOfDagon the Mummy Enchanter began the quest for the Orb.
     0 | D:1      | Reached XP level 1. HP: 13/13 MP: 4/4
    87 | D:1      | Reached skill level 1 in Short Blades
   272 | D:1      | Reached XP level 2. HP: 15/19 MP: 3/5
   298 | D:1      | Learned a level 2 spell: Ensorcelled Hibernation
   380 | D:2      | Reached skill level 2 in Short Blades
   413 | D:2      | Found a shimmering altar of Xom.
   415 | D:2      | Found a burning altar of Makhleb.
   415 | D:2      | Found a sparkling altar of Nemelex Xobeh.
   421 | D:2      | Found a shattered altar of Ashenzari.
   421 | D:2      | Found a bloodstained altar of Trog.
   421 | D:2      | Found a shimmering altar of Xom.
   504 | D:2      | Found a radiant altar of Vehumet.
   576 | D:2      | Found a deep blue altar of Sif Muna.
   689 | D:3      | Reached XP level 3. HP: 22/24 MP: 7/7
   860 | D:4      | Learned a level 3 spell: Confuse
   915 | D:4      | Found Juhy's Assorted Antiques.
   916 | D:4      | Found Xucwug's Book Emporium.
   943 | D:4      | Found a staircase to the Ecumenical Temple.
   948 | Temple   | Entered the Ecumenical Temple
  1012 | Temple   | Became a worshipper of Ru the Awakened
  1173 | D:4      | Found Giemec's Magic Scroll Shoppe.
  1178 | D:4      | Bought a scroll of teleportation for 33 gold pieces
  1178 | D:4      | Bought a scroll of teleportation for 33 gold pieces
  1377 | D:2      | Reached skill level 3 in Short Blades
  1433 | D:2      | Reached XP level 4. HP: 29/30 MP: 3/8
  2317 | D:2      | Gained mutation: You cannot study or cast Earth magic. [Ru sacrifice]
  2317 | D:2      | Gained mutation: You cannot study or cast Transmutations magic. [Ru sacrifice]
  2317 | D:2      | Gained mutation: You cannot study or cast Conjurations magic. [Ru sacrifice]
  2317 | D:2      | Reached * piety under Ru
  2363 | D:2      | Reached skill level 4 in Short Blades
  2363 | D:2      | Reached XP level 5. HP: 17/35 MP: 0/9
  2786 | D:3      | Found an ancient bone altar of Kikubaaqudgha.
  2892 | D:3      | Found a faded altar of an unknown god.
  3090 | D:4      | Learned a level 3 spell: Tukima's Dance
  3114 | D:4      | Found a hide-covered altar of Uskayaw.
  3158 | D:4      | Bought a scroll of identify for 22 gold pieces
  3158 | D:4      | Bought a scroll of identify for 22 gold pieces
  3158 | D:4      | Bought a scroll of identify for 22 gold pieces
  3950 | D:5      | Entered Level 5 of the Dungeon
  3997 | D:5      | Found a shadowy altar of Dithmenos.
  4010 | D:5      | Reached skill level 5 in Short Blades
  4046 | D:5      | Noticed Eustachio
  4063 | D:6      | Reached XP level 6. HP: 42/42 MP: 10/10
  4099 | D:5      | Found Kimoeb's General Store.
  4100 | D:5      | Noticed an ice beast
  4120 | D:5      | Slain by an ice beast

Vault maps used:
D:1:      dpeg_arrival_arbitrary_a, minmay_misc_feat_roman,
          wad_floor_pattern_untrapped
D:2:      vehumet_crystals, doesnt_xom_only_xom, overflow_temple_1_default
D:3:      kiku_gazebo_pond_becter, first_ration,
          chequers_ecumenical_altar_island
D:4:      old_standard_altar, minmay_temple_entry_statues_pillars, serial_shops,
          nicolae_shop_trees, shop, kennysheep_mini_moat
D:5:      overflow_temple_1_default, serial_shops, shop, st_stairs_12,
          uniq_ijyb, uniq_eustachio
D:6:      nicolae_overflow_hidden_temple, okawaru_metal_pillars_1_2,
          uniq_grinder
Temple:   nicolae_temple_figure_eight

Skill      XL: |  1  2  3  4  5 |
---------------+----------------+-----
Short Blades   | 1 2 3 4 5 |  5.0
Fighting       | |  0.5
Armour         | |  0.4
Dodging        | |  1.7
Stealth        | |  2.4
Spellcasting   | |  2.6
Hexes          | |  2.6

Action                   |  1- 3 |  4- 6 || total
-------------------------+-------+-------++-------
Melee: Dagger            |    98 |    91 ||   189
 Cast: Corona            |     8 |    10 ||    18
       Ensorcelled Hiber |    10 |    32 ||    42
       Confuse           |       |     2 ||     2
Invok: Sacrifice Arcana  |       |     1 ||     1
Evoke: Wand              |       |    16 ||    16
  Use: Scroll            |     4 |    10 ||    14
 Stab: Sleeping          |    13 |    16 ||    29
       Confused          |       |     2 ||     2
Armor: Robe              |    15 |    12 ||    27
Dodge: Dodged            |    55 |    51 ||   106

Table legend:
 A = Spawn XP
 B = Non-spawn XP
 C = Spawn XP percentage of total XP
 D = Spawn monster count
 E = Non-spawn monster count
 F = Spawn count percentage of total count
 G = Total turns spent on level
                    A         B        C        D         E        F      G
               +---------+---------+-------+---------+---------+-------+---------
         Total |       0 |     428 |   0.0 |       0 |      76 |   0.0 |  4120
               +---------+---------+-------+---------+---------+-------+---------
           D:1 |       0 |      56 |   0.0 |       0 |      25 |   0.0 |  1032
           D:2 |       0 |     127 |   0.0 |       0 |      26 |   0.0 |   931
           D:3 |       0 |      19 |   0.0 |       0 |      10 |   0.0 |   673
           D:4 |       0 |     156 |   0.0 |       0 |      12 |   0.0 |  1098
           D:5 |       0 |       8 |   0.0 |       0 |       2 |   0.0 |   167
           D:6 |       0 |      62 |   0.0 |       0 |       1 |   0.0 |     3
               +---------+---------+-------+---------+---------+-------+---------
